 Dungeon Crawl Stone Soup version 0.30.1-11-g7821555f0a (webtiles) character file.

Game seed: 13025064651602101556

236 SacredBeard the Grave Robber (level 5, 0/37 HPs)
             Began as a Demonspawn Necromancer on Nov 4, 2023.
             Slain by an orc
             ... wielding a +0 club
              (2 damage)
             ... on level 4 of the Dungeon.
             The game lasted 00:09:14 (3371 turns).

SacredBeard the Grave Robber (DsNe)                 Turns: 3371, Time: 00:09:14

Health: 0/37       AC:  4    Str: 10    XL:     5   Next: 77%
Magic:  5/8        EV: 12    Int: 17    God:
Gold:   170        SH:  5    Dex: 13    Spells: 8/9 levels left

rFire   . . .        r - +3 short sword (speed)
rCold   . . .        (no shield)
rNeg    . . .        d - +0 leather armour
rPois   .            (no helmet)
rElec   .            e - +0 cloak
rCorr   .            (no gloves)
SInv    .            (no boots)
Will    .....        o - amulet of reflection
Stlth   ++           (no ring)
HPRegen 0.26/turn    (no ring)
MPRegen 0.11/turn

%: reflection
@: brilliant
A: claws 1
a: no special abilities


You were on level 4 of the Dungeon.
You visited 1 branch of the dungeon, and saw 4 of its levels.

You collected 170 gold pieces.

Inventory:

Hand Weapons
 m - a +3 dagger
 r - a +3 short sword of speed (weapon)
Missiles
 t - 2 throwing nets
Armour
 d - a +0 leather armour (worn)
 e - a +0 cloak (worn)
 g - a +0 plate armour
Jewellery
 o - an amulet of reflection (around neck)
Wands
 p - a wand of paralysis (9)
 s - a wand of polymorph (3)
 y - a wand of acid (5)
Scrolls
 a - a scroll of summoning {unknown}
 f - 2 scrolls of immolation
 h - a scroll of fog
 j - 3 scrolls of identify
 l - a scroll of fear
 v - a scroll of torment {unknown}
 w - 2 scrolls of magic mapping {unknown}
 x - a scroll of teleportation {unknown}
Potions
 b - a potion of magic
 c - a potion of brilliance
 i - a potion of invisibility {unknown}
 k - a potion of flight {unknown}
 n - a potion of might {unknown}
 q - a potion of degeneration {unknown}
 u - a potion of curing {unknown}


   Skills:
 + Level 1.5 Fighting
 + Level 1.2 Armour
 + Level 2.4 Dodging
 + Level 2.5 Stealth
 + Level 1.4 Unarmed Combat
 + Level 2.5 Spellcasting
 * Level 5.6 Necromancy
 + Level 1.1 Evocations


You had 8 spell levels left.
You knew the following spells:

 Your Spells              Type           Power      Damage    Failure   Level
a - Necrotise             Necr           100%       1d9       2%          1

Your spell library contained the following spells:

 Spells                   Type           Power      Damage    Failure   Level
 Vampiric Draining        Necr           31%        2d8       8%          3
 Animate Dead             Necr           31%        N/A       24%         4
 Lesser Beckoning         Tloc           6%         N/A       36%         2
 Agony                    Necr           31%        N/A       56%         5
 Dazzling Flash           Conj/Hex       6%         N/A       58%         3
 Gell's Gravitas          Tloc           3%         N/A       58%         3
 Teleport Other           Tloc           3%         N/A       58%         3
 Silence                  Hex/Air        1%         N/A       100%        5


Dungeon Overview and Level Annotations

Branches:
Dungeon (4/15) Zot: 20660
 Temple: D:4-7

Altars:
Hepliaklqana
Okawaru
Qazlal

Shops:
D:4 *


Innate Abilities, Weirdness & Mutations

You have sharp fingernails.


Message History

The orc is almost dead.
The orc closely misses you.
You hit the orc but do no damage.
The orc is almost dead.
You hit the orc but do no damage.
The orc is almost dead.
The orc barely misses you.
You puncture the orc!
You kill the orc!
You hit the orc.
The orc is heavily wounded.
You block the orc's attack.
You hit the orc.
You kill the orc!
You closely miss the orc. You closely miss the orc. You block the orc's attack.
You barely miss the orc. The orc misses you.
The orc priest calls down the wrath of Beogh upon you.
Beogh smites you!
* * * LOW HITPOINT WARNING * * *
You hit the orc.
You kill the orc!
The orc priest closely misses you.
Items here: ! )))))) [[ ††.
You hit the orc priest.
The orc priest is moderately wounded.
You block the orc's attack.
The orc priest hits you with a +2 vampiric short sword.
* * * LOW HITPOINT WARNING * * *
You hit the orc priest.
The orc priest is heavily wounded.
The orc hits you with a +0 club.
* * * LOW HITPOINT WARNING * * *
The orc priest invokes the aid of Beogh against you.
Pain shoots through your body!
* * * LOW HITPOINT WARNING * * *
It was a potion of brilliance.
You feel clever all of a sudden. The orc hits you with a +0 club.
You die...

.# . #..# ..... #..#
..... ##..#
......#### #..##
.......###..# .
...##.#....#
...##..#...##.......
.......#.###########
#.>o@)§..#
#.#o####.# .....§. #
#.####..#.# .. <..#
# .$ ..## # .<..
##.#


You could see an orc priest and an orc.

Vanquished Creatures
  A howler monkey (D:4)
  Jessica (D:3)
  3 adders (D:3)
  6 gnolls
  7 orcs (D:4)
  6 endoplasms
  4 giant cockroaches
  4 goblins
  3 hobgoblins
  A jackal (D:1)
  7 kobolds
  4 quokkas
  2 ball pythons
  3 bats
  7 frilled lizards
  4 rats
63 creatures vanquished.

Vanquished Creatures (collateral kills)
  A gnoll (D:4)
  A dart slug (D:4)
  An orc (D:4)
  A bat (D:3)
4 creatures vanquished.

Grand Total: 67 creatures vanquished

Notes
Turn   | Place    | Note
-------+----------+-------------------------------------------
     0 | D:1      | SacredBeard the Demonspawn Necromancer began the quest for
                  | the Orb.
     0 | D:1      | Reached XP level 1. HP: 13/13 MP: 3/3
   418 | D:1      | Gained mutation: You have sharp fingernails. [demonic
                  | ancestry]
   418 | D:1      | Reached XP level 2. HP: 19/19 MP: 3/5
   508 | D:1      | Found a faded altar of an unknown god.
  1563 | D:2      | Reached XP level 3. HP: 25/25 MP: 3/6
  2062 | D:3      | Found a hazy altar of Hepliaklqana.
  2143 | D:3      | Found an iron altar of Okawaru.
  2152 | D:3      | Noticed Jessica
  2256 | D:2      | Reached skill level 5 in Necromancy
  2328 | D:3      | Killed Jessica
  2329 | D:3      | Reached XP level 4. HP: 31/31 MP: 0/7
  2386 | D:3      | Reached skill level 1 in Fighting
  2646 | D:3      | Reached skill level 1 in Armour
  2646 | D:3      | Reached skill level 1 in Unarmed Combat
  2646 | D:3      | Reached XP level 5. HP: 29/37 MP: 1/8
  2776 | D:3      | Found a stormy altar of Qazlal.
  2966 | D:4      | Found Ea-nāṣir's Fine Metal Goods.
  3003 | D:4      | Reached skill level 1 in Evocations
  3330 | D:4      | HP: 1/37 [orc/+0 whip (5)]
  3371 | D:4      | Slain by an orc

Illustrated notes

Levels and vault maps discovered:
D:1:      dpeg_arrival_brainrot, layout_basic,
          shapermc_ecumenical_altar_mp_vishouse
D:2:      layout_basic, minivault_26
D:3:      layout_basic, lemuel_round_altar, okawaru_trees_2,
          nicolae_qazlal_general_emergency, minmay_misc_feat_five, uniq_jessica
D:4:      layout_basic, minmay_temple_entry_butterflies, serial_shops,
          nicolae_shop_crystal, kennysheep_mini, nicolae_shop_stone,
          nicolae_ea-nasir_strikes_again, hangedman_glass_teeth,
          uniq_blork_the_orc

Skill      XL: |  1  2  3  4  5 |
---------------+----------------+-----
Stealth        | 2 |  2.5
Dodging        | 2 |  2.4
Necromancy     | 5 |  5.6
Fighting       | 1 |  1.5
Armour         | 1 |  1.2
Unarmed Combat | 1 |  1.4
Evocations     | 1 |  1.1
Spellcasting   | |  2.5

Action                     |  1- 3 |  4- 6 || total
---------------------------+-------+-------++-------
  Melee: Unarmed           |    17 |       ||    17
         Short sword       |    30 |    71 ||   101
   Cast: Necrotise         |    56 |    53 ||   109
    Use: Scroll            |     3 |     2 ||     5
         Potion            |       |     3 ||     3
   Stab: Sleeping          |     1 |       ||     1
 Armour: Leather armour    |     2 |    11 ||    13
         Skin              |     6 |       ||     6
  Dodge: Dodged            |    47 |    41 ||    88
  Block: Other             |     5 |    27 ||    32
